 Dungeon Sprint DCSS version 0.18.1-50-g88ac8fd (webtiles) character file.

1509 Kagutsuchi the Fighter (level 8, -9/85 HPs)
             Began as a Pale Draconian Berserker on Oct 26, 2016.
             Was a High Priest of Trog.
             Mangled by a yaktaur
             ... wielding a cursed -3 arbalest
              (13 damage)
             ... in the Dungeon (Sprint II: "The Violet Keep of Menkaure").
             The game lasted 00:03:28 (716 turns).

Kagutsuchi the Fighter (Pale Draconian Berserker)    Turns: 716, Time: 00:03:29

Health: -9/85      AC:  6    Str: 18    XL:     8   Next: 53%
Magic:  6/6        EV: 17    Int:  6    God:    Trog [*****.]
Gold:   346        SH:  0    Dex: 12    Spells: 0 memorised, 7 levels left

rFire  . . .     SeeInvis .     d - +1 rapier (elec)
rCold  . . .     Gourm    .     (armour unavailable)
rNeg   . . .     Faith    .     (no shield)
rPois  .         Spirit   .     (helmet restricted)
rElec  .         Dismiss  .     (no cloak)
rCorr  .         Reflect  .     (no gloves)
SustAt .         Harm     .     (no boots)
MR     .....     Rnd*Rage +     (no amulet)
Stlth  +......... NoTele   +    (no ring)
                                (no ring)

@: short of breath, not resistant to hostile enchantments, very unstealthy
A: breathe steam, unfitting armour, berserk 1, dopey 1, low mp 2, weak 1, wild
magic 1, cold-blooded, AC +6
a: Breathe Steam, Berserk, Trog's Hand, Brothers in Arms, Burn Spellbooks,
Renounce Religion


You were in the Dungeon.
You worshipped Trog.
Trog was extremely pleased with you.
You were not hungry.

You visited 1 branch You collected 729 gold pieces.
You spent 383 gold pieces at shops.

Inventory:

Hand Weapons
 a - a +0 falchion
 d - a +1 rapier of electrocution (weapon)
Scrolls
 h - a scroll of blinking
Potions
 b - 4 potions of curing
 e - a potion of haste
 f - 2 potions of magic
 g - a potion of berserk rage
Comestibles
 i - a meat ration
 k - a bread ration


   Skills:
 + Level 12.4 Fighting
 + Level 11.6 Long Blades
 + Level 10.1 Dodging
 + Level 0.4 Stealth


You had 7 spell levels left.
You didn't know any spells.

Dungeon Overview and Level Annotations

Branches:
Dungeon (1/1)

Altars:
Cheibriados
Dithmenos
Elyvilon
Fedhas
Gozag
Kikubaaqudgha
Makhleb
Nemelex Xobeh
Okawaru
Pakellas
Qazlal
Ru
Sif Muna
Trog
Vehumet
Xom
Yredelemnul
Zin
The Shining One
Beogh
Jiyva
Lugonu

Shops:
D [!::=}?=(!%:!}[%

Annotations:
D exclusion: oklob plant


Innate Abilities, Weirdness & Mutations

You can breathe blasts of scalding, opaque steam.
Your pale cyan-grey scales are hard (AC +6).
Your body does not fit into most forms of armour.
You are cold-blooded and may be slowed by cold attacks.
You tend to lose your temper in combat.
You are dopey. (Int -2)
Your magical capacity is very low (-20% MP).
You are weak. (Str -2)
Your spells are a little harder to cast, but a little more powerful.


Message History

Your unstable footing causes you to fumble your attack.
The yaktaur hits you with an arbalest!!
* * * LOW HITPOINT WARNING * * *
The polar bear bites you.
* * * LOW HITPOINT WARNING * * *
The polar bear claws you.
* * * LOW HITPOINT WARNING * * *
The polar bear barely misses you.
Drink which item? (? for menu, Esc to quit)
You feel much better. The yaktaur closely misses you. The polar bear bites you!
* * * LOW HITPOINT WARNING * * *
The polar bear claws you.
* * * LOW HITPOINT WARNING * * *
The polar bear misses you.
Your unstable footing causes you to fumble your attack.
You hit the yaktaur but do no damage. The polar bear bites you.
* * * LOW HITPOINT WARNING * * *
The polar bear barely misses you. The polar bear completely misses you.
The yaktaur hits you with an arbalest!
You die...

#+##.. .#.##.#### +.###
###.# ...# ...#
.#.####..## #..# .#
#'###.##..# +..# .# [
#.##..##..# #..# .# ()
.<.†##.'..####..##y# $?%
#.##..##....###..c##▓▓▓▓
#+###.##.....§≈≈@≈≈≈≈≈≈≈
##.####≈≈§§...≈#h#######
##.#≈≈§≈≈≈≈..≈#(...._._
.$§##≈≈§≈≈≈≈§.≈#...._._.
#§##≈≈≈≈§≈≈§§≈≈#..._._._
≈§≈≈≈≈§≈≈≈§≈≈≈≈#.._._._.
+ '''#≈≈≈≈≈≈§§§#._._._._
§≈≈##≈§≈###§≈#.._._._.
#§≈#._._._..


You could see a polar bear, a yaktaur and a wasp.

Vanquished Creatures
  A siren (D)
  A polar bear (D)
  4 neqoxecs (D)
  2 hippogriffs (D)
  Menkaure (D)
  4 worker ants (D)
13 creatures vanquished.

Vanquished Creatures (others)
  A crocodile (D)
1 creature vanquished.

Grand Total: 14 creatures vanquished

Notes
Turn   | Place    | Note
--------------------------------------------------------------
     0 | D        | Kagutsuchi the Draconian Berserker began the quest for the Orb.
     0 | D        | Reached XP level 1. HP: 19/19 MP: 1/1
     1 | D        | Noticed a worker ant
     1 | D        | Noticed a worker ant
     1 | D        | Noticed a worker ant
     1 | D        | Noticed a worker ant
     5 | D        | Noticed a siren
    29 | D        | Killed a siren
    29 | D        | Reached skill level 9 in Fighting
    29 | D        | Reached XP level 2. HP: 19/37 MP: 2/2
    29 | D        | Reached XP level 3. HP: 22/44 MP: 3/3
    29 | D        | Reached XP level 4. HP: 26/50 MP: 4/4
    29 | D        | Reached XP level 5. HP: 29/57 MP: 5/5
    29 | D        | Reached XP level 6. HP: 33/64 MP: 6/6
   191 | D        | Noticed a hippogriff
   191 | D        | Noticed a hippogriff
   195 | D        | Killed a hippogriff
   195 | D        | Reached ** piety under Trog
   195 | D        | Reached skill level 10 in Fighting
   200 | D        | Killed a hippogriff
   200 | D        | Your scales start taking on a pale cyan-grey colour.
   200 | D        | Reached XP level 7. HP: 73/73 MP: 7/7
   241 | D        | Noticed a neqoxec
   243 | D        | Gained mutation: You tend to lose your temper in combat. [a neqoxec]
   244 | D        | Noticed a neqoxec
   252 | D        | Killed a neqoxec
   252 | D        | Reached skill level 11 in Fighting
   252 | D        | Reached skill level 10 in Long Blades
   262 | D        | Gained mutation: Your spells are a little harder to cast, but a little more powerful. [a neqoxec]
   263 | D        | Killed a neqoxec
   263 | D        | Reached *** piety under Trog
   264 | D        | Noticed a neqoxec
   269 | D        | Gained mutation: You are weak. (Str -2) [a neqoxec]
   273 | D        | Killed a neqoxec
   274 | D        | Noticed a neqoxec
   275 | D        | Gained mutation: Your magical capacity is low (-10% MP). [a neqoxec]
   279 | D        | Gained mutation: Your magical capacity is very low (-20% MP). [a neqoxec]
   281 | D        | Gained mutation: You are dopey. (Int -2) [a neqoxec]
   282 | D        | Killed a neqoxec
   282 | D        | Reached XP level 8. HP: 27/83 MP: 6/6
   552 | D        | Reached **** piety under Trog
   574 | D        | Found Seratt's Book Shop.
   574 | D        | Found Puqesiot's Gadget Shop.
   574 | D        | Found Veffa's Distillery.
   574 | D        | Found Pourchuw's Food Shop.
   574 | D        | Found Lidappue's Food Boutique.
   574 | D        | Found Hunil Detis's Distillery.
   575 | D        | Found Irchic's Antique Weapon Boutique.
   575 | D        | Found Coacamm's Jewellery Shop.
   575 | D        | Found Yddua's Antique Armour Boutique.
   576 | D        | Found Lali's Magic Scroll Shop.
   576 | D        | Found Moawkeod's Gadget Boutique.
   576 | D        | Noticed a shining eye
   577 | D        | Noticed a shining eye
   578 | D        | Found Feekai's Jewellery Boutique.
   578 | D        | Found Egon's Book Shop.
   578 | D        | Noticed Menkaure
   578 | D        | Noticed a shining eye
   578 | D        | Noticed an oklob plant
   579 | D        | Found Kupleukh's Distillery.
   579 | D        | Found Ucso's Book Shoppe.
   579 | D        | Found Wikaerir's Antique Armour Boutique.
   586 | D        | Bought a potion of curing for 30 gold pieces
   586 | D        | Bought a potion of curing for 30 gold pieces
   586 | D        | Bought a potion of curing for 30 gold pieces
   586 | D        | Bought a potion of curing for 30 gold pieces
   594 | D        | Killed Menkaure
   594 | D        | Reached skill level 12 in Fighting
   600 | D        | Bought a potion of heal wounds for 65 gold pieces
   623 | D        | Noticed an orange crystal statue
   663 | D        | Bought a glowing rapier for 72 gold pieces
   668 | D        | Bought a meat ration for 55 gold pieces
   668 | D        | Bought a beef jerky for 16 gold pieces
   668 | D        | Bought a bread ration for 55 gold pieces
   698 | D        | Found a glowing silver altar of Zin.
   699 | D        | Found an oddly glowing altar of Pakellas.
   699 | D        | Found a deep blue altar of Sif Muna.
   700 | D        | Found a sparkling altar of Nemelex Xobeh.
   700 | D        | Found a burning altar of Makhleb.
   701 | D        | Found a viscous altar of Jiyva.
   701 | D        | Found a corrupted altar of Lugonu.
   701 | D        | Found a white marble altar of Elyvilon.
   702 | D        | Found a bloodstained altar of Trog.
   702 | D        | Found a shimmering altar of Xom.
   702 | D        | Found a snail-covered altar of Cheibriados.
   703 | D        | Found an ancient bone altar of Kikubaaqudgha.
   703 | D        | Found a shadowy altar of Dithmenos.
   704 | D        | Found an iron altar of Okawaru.
   704 | D        | Found a blossoming altar of Fedhas.
   704 | D        | Found a stormy altar of Qazlal.
   704 | D        | Found an opulent altar of Gozag.
   704 | D        | Noticed a polar bear
   705 | D        | Noticed a polar bear
   706 | D        | Found a glowing golden altar of the Shining One.
   706 | D        | Found a radiant altar of Vehumet.
   706 | D        | Found a basalt altar of Yredelemnul.
   707 | D        | Noticed a yaktaur
   707 | D        | Noticed a polar bear
   707 | D        | Found a sacrificial altar of Ru.
   707 | D        | Found a roughly hewn altar of Beogh.
   710 | D        | Killed a polar bear
   710 | D        | Reached ***** piety under Trog
   710 | D        | Reached skill level 10 in Dodging
   713 | D        | HP: 4/85 [polar bear (1)]
   716 | D        | Mangled by a yaktaur

Skill      XL: |  1  2  3  4  5  6  7  8 |
---------------+-------------------------+-----
Fighting       | 9 10 11 12 | 12.4
Long Blades    | 8 9 11 | 11.6
Dodging        | 6 7 9 10 | 10.1
Stealth        | |  0.4

Action                   |  1- 3 |  4- 6 |  7- 9 || total
-------------------------+-------+-------+-------++-------
Melee: Falchion          |    21 |     7 |    53 ||    81
       Tailslap          |     1 |     3 |     5 ||     9
       Rapier            |       |       |     5 ||     5
Invok: Berserk           |       |     1 |     2 ||     3
 Abil: Breathe Steam     |       |       |     1 ||     1
  Use: Potion            |       |       |     3 ||     3
  Eat: Bread ration      |       |       |     1 ||     1
       Beef jerky        |       |       |     1 ||     1
Armor: Skin              |       |     2 |    10 ||    12
Dodge: Dodged            |     1 |     8 |    54 ||    63
